 Dungeon Crawl Stone Soup version 0.30-b1-2-g02819fbbbe (webtiles) character file.

Game seed: 12332711748718546430

247 LLlMATKO the Trooper (level 5, -6/72 HPs)
             Began as a Minotaur Berserker on Sept 21, 2023.
             Was a Believer of Trog.
             Splashed by a jelly's acid (10 damage)
             ... on level 4 of the Dungeon.
             The game lasted 00:02:40 (2932 turns).

LLlMATKO the Trooper (Minotaur Berserker)           Turns: 2932, Time: 00:02:40

Health: -6/72      AC: -2    Str: 24    XL:     5   Next: 85%
Magic:  4/4        EV:  9    Int:  4    God:    Trog [**....]
Gold:   249        SH:  0    Dex:  9    Spells: 4/4 levels left

rFire   . . .        a - +0 hand axe
rCold   . . .        (no shield)
rNeg    . . .        k - +0 chain mail
rPois   .            (helmet restricted)
rElec   .            (no cloak)
rCorr   .            (no gloves)
SInv    .            (no boots)
Will    .....        (no amulet) Stlth
                     (no ring)
HPRegen 0.32/turn    (no ring)
MPRegen 0.09/turn

%: no passive effects
@: berserking, corroded, very quick
A: horns 2, retaliatory headbutt
a: Renounce Religion, Berserk, Trog's Hand


You were on level 4 of the Dungeon.
You worshipped Trog.
Trog was pleased with you.
You visited 1 branch of the dungeon, and saw 4 of its levels.

You collected 249 gold pieces.

Inventory:

Hand Weapons
 a - a +0 hand axe (weapon)
 p - a +0 hand axe
Armour
 k - a +0 chain mail (worn)
Jewellery
 b - a ring of see invisible
Wands
 s - a wand of digging (4)
Scrolls
 c - 6 scrolls of identify {unknown}
 g - 3 scrolls of magic mapping {unknown}
 i - a scroll of silence {unknown}
 j - a scroll of fear {unknown}
 o - a scroll of poison {unknown}
 q - a scroll of brand weapon {unknown}
 r - 2 scrolls of teleportation {unknown}
 t - a scroll of amnesia {unknown}
 u - a scroll of blinking {unknown}
Potions
 d - a potion of attraction {unknown}
 e - 2 potions of brilliance {unknown}
 f - 2 potions of berserk rage {unknown}
 h - 2 potions of curing {unknown}
 l - a potion of degeneration {unknown}
 m - 2 potions of heal wounds {unknown}
 n - 2 potions of magic {unknown}


   Skills:
 + Level 5.0 Fighting
 + Level 5.0 Axes
 + Level 4.2 Armour
 + Level 3.9 Dodging


You had 4 spell levels left.
You didn't know any spells.
Your spell library was empty.

Dungeon Overview and Level Annotations

Branches:
Dungeon (4/15)
 Temple: D:4-7

Altars:
Cheibriados
Elyvilon
Fedhas
Nemelex Xobeh
Okawaru
Ru
Uskayaw
The Shining One

Shops:
D:4 =


Innate Abilities, Weirdness & Mutations

You have a pair of horns on your head.
You reflexively headbutt those who attack you in melee.


Message History

Really walk into that dispersal trap? [Y]es or [N]o only, please.
Really walk into that dispersal trap? [Y]es or [N]o only, please.
Really walk into that dispersal trap? [Y]es or [N]o only, please.
Really walk into that dispersal trap? [Y]es or [N]o only, please.
Really walk into that dispersal trap? [Y]es or [N]o only, please.
Really walk into that dispersal trap? [Y]es or [N]o only, please.
Really walk into that dispersal trap? [Y]es or [N]o only, please.
Really walk into that dispersal trap? [Y]es or [N]o only, please.
Really walk into that dispersal trap?
Okay, then.
You hit the jelly but do no damage. The acid corrodes you!
Your hands burn!
You headbutt the jelly, but do no damage.
The jelly hits you.
You are splashed with acid!
You hit the jelly but do no damage.
Your hands burn!
You headbutt the jelly, but do no damage.
The jelly hits you. The acid corrodes you!
You are splashed with acid!
* * * LOW HITPOINT WARNING * * *
You hit the jelly but do no damage.
Your hands burn!
* * * LOW HITPOINT WARNING * * *
The quokka enters a dispersal trap!
The jelly blinks! x3; You blink.
The quokka blinks!
You are too injured to fight recklessly!
A red film seems to cover your vision as you go berserk!
You feel yourself moving faster!
You feel mighty! The quokka bites you.
* * * LOW HITPOINT WARNING * * *
You barely miss the jelly. You closely miss the quokka.
The quokka closely misses you. You furiously retaliate!
You headbutt the quokka, but do no damage.
The jelly hits you.
* * * LOW HITPOINT WARNING * * *
You are splashed with acid!
You die...

#..#
##....###
##.##
##.....###
##.##
##).....##
#..#
#.......##
..##
##........##
.##
##..........#
.#
#............
##
#...J.......#
#
#..@r.......#
##
##..........#
)##
##.........#
).#####
##.......##
......#
##......#
#####...
#^....## # .
#..#...# #
....###### #
......


You could see a jelly and a quokka.

Vanquished Creatures
  A sky beast (D:4)
  An orc priest (D:4)
  2 adders (D:4)
  An ufetubus (D:4)
  3 worms
  A dart slug (D:1)
  6 orcs (D:4)
  4 endoplasms
  2 giant cockroaches
  5 goblins
  5 hobgoblins
  16 jackals
  2 quokkas
  4 ball pythons
  9 bats
  A frilled lizard (D:2)
  5 kobolds
  5 rats
73 creatures vanquished.

Notes
Turn   | Place    | Note
-------+----------+-------------------------------------------
     0 | D:1      | LLlMATKO the Minotaur Berserker began the quest for the
                  | Orb.
     0 | D:1      | Reached XP level 1. HP: 19/19 MP: 0/0
   169 | D:1      | Reached XP level 2. HP: 25/27 MP: 1/1
   379 | D:1      | Reached XP level 3. HP: 32/33 MP: 2/2
   994 | D:2      | Found a faded altar of an unknown god.
  1028 | D:2      | Found an iron altar of Okawaru.
  1111 | D:2      | Reached ** piety under Trog
  1428 | D:3      | Found a glowing golden altar of the Shining One.
  1628 | D:3      | Found a hide-covered altar of Uskayaw.
  1836 | D:3      | Reached XP level 4. HP: 40/40 MP: 3/3
  2153 | D:3      | Found a blossoming altar of Fedhas.
  2155 | D:3      | Found an iron altar of Okawaru.
  2157 | D:3      | Found a sacrificial altar of Ru.
  2158 | D:3      | Found a sparkling altar of Nemelex Xobeh.
  2246 | D:3      | Found a snail-covered altar of Cheibriados.
  2461 | D:4      | Found Qohaul's Jewellery Shop.
  2644 | D:4      | Found a white marble altar of Elyvilon.
  2712 | D:4      | Noticed a sky beast
  2718 | D:4      | Reached XP level 5. HP: 41/47 MP: 4/4
  2729 | D:4      | Killed a sky beast
  2730 | D:4      | Reached skill level 5 in Fighting
  2867 | D:4      | Paralysed by an orc for 3 turns
  2875 | D:4      | Paralysed by an orc for 4 turns
  2887 | D:4      | Reached skill level 5 in Axes
  2932 | D:4      | Splashed by a jelly's acid

Illustrated notes

Levels and vault maps discovered:
D:1:      evilmike_arrival_rings, layout_loops_ring, patterned_corridor
D:2:      layout_rooms, basic_altar, basic_ecumenical_altar
D:3:      layout_loops_corners, minitemple, nicolae_uskayaw_dance_hall,
          cheibrodos_worm_habitat, mainiacjoe_overflow_concentric_impassable,
          minmay_fractal_squares_gapless_5
D:4:      layout_cave_pods, nicolae_elyvilon_peaceful_grove, serial_glass,
          glass_columns_a, glass_columns_b, glass_columns_b, glass_columns_b,
          minmay_shop_enchanted_jewellery

Skill      XL: |  1  2  3  4  5 |
---------------+----------------+-----
Axes           | 4 5 |  5.0
Fighting       | 4 5 |  5.0
Armour         | 3 4 |  4.2
Dodging        | 3 |  3.9

Action                     |  1- 3 |  4- 6 || total
---------------------------+-------+-------++-------
  Melee: Hand axe          |   104 |    81 ||   185
         Headbutt          |    15 |    10 ||    25
         Punch             |     1 |     2 ||     3
 Invoke: Berserk           |     1 |     3 ||     4
 Armour: Animal skin       |    10 |       ||    10
         Chain mail        |    27 |    39 ||    66
         Scale mail        |    10 |       ||    10
  Dodge: Dodged            |    52 |    25 ||    77
